Map: Apotheosis LE

Players

A.I. 1 (Very Easy)

  • Race: Zerg Zerg

A.I. 2 (Very Easy) - Winner!

  • Race: Terran Terran

VOD

Have the link to the VOD?

Description

Time

  • Played on: Nov. 22, 2016, 7:05 a.m.
  • Length: 98:51
Show
View Real Time Build Order
Export as new Build Order

A.I. 1 (Very Easy) Zerg 

Build Orders: Pool First 

Get SALT Encoding   

  12  0:01  Drone  
  13  0:12  Overlord  
  13  0:17  Drone  
  14  0:35  Spawning Pool  
  13  0:37  Drone  
  13  0:41  Extractor  
  13  0:45  Drone  
  14  0:52  Overlord  
  14  1:22  Zergling x2, Queen  
  17  1:31  Roach Warren  
  17  1:32  Extractor  
  15  1:36  Drone  
  16  1:44  Drone  
  17  1:50  Zergling x2  
  18  2:05  Drone  
  19  2:12  Drone  
  20  2:19  Zergling x2, Drone  
  22  2:29  Overlord  
  22  2:35  Drone  
  23  2:42  Drone  
  24  2:47  Roach  
  24  2:49  Drone  
  27  7:30  Lair, Drone  
  27  7:38  Drone  
  27  7:39  Ravager  
  27  7:40  Overlord, Roach  
  27  7:42  Hatchery  
  30  7:45  Drone  
  31  7:52  Drone  
  32  8:00  Drone  
  33  8:28  Overseer x2  
  33  8:53  Zergling x2  
  33  8:54  Drone  
  33  9:02  Drone  
  31  9:04  Extractor  
  31  9:09  Drone, Extractor  
  30  9:16  Drone  
  31  9:24  Drone  
  32  9:31  Drone  
  33  9:36  Ravager  
  33  9:37  Roach  
  33  9:38  Drone  
  37  9:45  Drone  
  38  9:52  Drone  
  39  9:59  Drone  
  40  10:06  Drone  
  41  10:14  Drone  
  42  10:21  Drone  
  43  10:28  Drone  
  44  10:35  Drone  
  45  10:36  Overlord  
  45  10:42  Drone  
  47  10:50  Drone  
  48  10:57  Drone  
  48  12:57  Pneumatized Carapace  
  48  12:58  Overseer, Overlord x2, Roach  
  50  12:59  Infestation Pit  
  50  13:01  Evolution Chamber  
  48  13:06  Drone  
  40  13:14  Drone  
  36  13:21  Zergling x2, Drone  
  38  13:29  Drone  
  39  13:36  Drone  
  40  13:42  Infestor  
  40  13:44  Drone  
  43  13:51  Drone  
  44  13:58  Drone  
  44  13:59  Hatchery  
  44  14:05  Infestor  
  44  14:06  Drone  
  47  14:13  Drone  
  48  14:34  Roach  
  45  15:13  Drone  
  46  15:20  Drone  
  47  15:27  Drone  
  48  15:30  Extractor  
  48  15:33  Extractor  
  48  15:34  Drone  
  47  15:41  Drone  
  48  15:49  Drone  
  49  15:56  Drone  
  50  16:03  Drone  
  51  17:23  Roach  
  51  17:27  Hydralisk Den  
  51  17:28  Drone  
  50  17:34  Roach  
  50  17:36  Drone  
  48  17:44  Roach  
  48  17:49  Drone  
  48  17:54  Zergling x2  
  49  18:05  Drone, Roach  
  51  18:12  Drone  
  50  18:15  Roach  
  50  18:17  Extractor  
  50  18:19  Drone  
  48  18:25  Roach  
  48  18:27  Drone  
  46  18:34  Drone  
  46  18:35  Hydralisk  
  46  18:41  Drone  
  45  18:45  Hydralisk  
  46  18:48  Drone  
  47  18:56  Drone  
  48  19:03  Drone  
  46  19:10  Drone  
  46  19:11  Roach  
  43  19:17  Drone  
  43  19:21  Roach  
  42  19:24  Drone  
  42  19:31  Hatchery, Drone, Roach  
  45  19:35  Extractor  
  45  19:36  Overseer  
  44  19:39  Drone  
  44  19:40  Hydralisk  
  47  19:46  Drone  
  47  19:47  Extractor  
  47  19:51  Zergling x2  
  48  19:53  Drone  
  49  20:00  Drone  
  49  20:02  Roach  
  46  20:08  Drone  
  46  20:12  Roach  
  43  20:16  Drone  
  39  20:23  Drone  
  39  20:27  Roach  
  37  20:31  Drone  
  38  20:37  Roach  
  38  20:38  Drone  
  38  20:45  Drone  
  36  20:50  Zergling x2  
  36  20:52  Drone  
  35  21:00  Drone  
  30  21:07  Drone  
  29  21:15  Drone  
  24  21:22  Drone  
  24  21:25  Roach  
  24  21:29  Drone  
  23  21:37  Drone  
  24  21:44  Drone  
  25  21:51  Drone  
  25  21:53  Hydralisk  
  27  21:58  Drone  
  27  22:03  Spire  
  27  22:05  Drone  
  23  22:13  Drone  
  18  22:20  Drone  
  18  22:22  Zergling x2  
  19  22:27  Drone  
  19  22:34  Drone  
  17  22:41  Drone  
  17  22:49  Drone  
  17  22:51  Roach  
  19  22:56  Drone  
  18  23:03  Drone  
  18  23:10  Drone  
  18  23:14  Mutalisk  
  18  23:18  Drone  
  20  23:25  Drone  
  17  23:31  Mutalisk  
  17  23:39  Drone  
  15  23:46  Drone  
  15  23:48  Mutalisk  
  14  23:53  Drone  
  13  24:03  Queen  
  13  24:08  Mutalisk, Drone  
  13  24:15  Drone  
  13  24:22  Drone  
  11  24:25  Mutalisk  
  11  24:29  Drone  
  12  24:41  Overseer, Overlord  
  12  24:45  Queen  
  9  24:55  Zergling x2  
  9  24:57  Drone  
  8  25:00  Hydralisk Den  
  7  25:07  Drone  
  7  25:11  Spire  
  6  25:15  Overlord, Drone  
  6  25:23  Drone  
  3  25:30  Hydralisk  
  3  25:34  Overseer  
  3  25:35  Drone  
  3  25:46  Drone  
Show
View Real Time Build Order
Export as new Build Order

A.I. 2 (Very Easy) Terran - Winner!

Build Orders:  

Get SALT Encoding   

  12  0:00  SCV  
  13  0:13  SCV  
  14  0:18  Supply Depot  
  14  0:39  Refinery  
  14  0:46  Barracks  
  14  1:05  Supply Depot  
  14  1:14  Refinery  
  14  1:34  Barracks Tech Lab  
  14  1:35  Orbital Command  
  14  1:52  Marine  
  15  2:02  SCV  
  16  2:14  SCV  
  17  2:26  SCV  
  18  2:35  Marine  
  19  2:38  SCV  
  20  2:50  SCV  
  21  3:02  SCV  
  22  3:18  Marauder  
  24  6:29  SCV  
  24  6:30  Marine  
  24  6:31  Supply Depot  
  26  6:33  Factory  
  26  6:37  Command Center  
  26  6:41  SCV  
  27  6:53  SCV  
  28  6:57  Supply Depot  
  28  7:04  Marine  
  28  7:05  SCV  
  30  7:20  Starport  
  26  7:39  Marine  
  27  7:50  SCV  
  28  7:57  SCV  
  29  8:00  Starport Tech Lab, Refinery  
  29  8:04  Refinery, SCV  
  30  8:12  SCV  
  31  8:13  Marine  
  31  8:19  Raven, SCV  
  35  8:26  SCV  
  36  8:34  SCV  
  37  8:41  SCV  
  38  8:46  Hellion  
  41  8:48  SCV  
  36  8:55  SCV  
  36  9:01  Raven  
  36  9:03  SCV  
  37  9:10  SCV  
  37  9:14  Hellion  
  39  9:17  SCV  
  40  9:24  SCV  
  41  9:32  SCV  
  42  9:39  SCV  
  42  9:42  Marine  
  44  9:46  SCV  
  45  9:53  SCV  
  46  10:01  SCV  
  46  10:05  Supply Depot  
  47  10:08  SCV  
  48  10:15  SCV  
  48  10:17  Marine  
  50  10:51  Marine  
  51  11:19  SCV  
  51  11:25  Marine  
  52  12:00  Marauder  
  54  12:21  Supply Depot, Marine  
  56  12:39  Marauder  
  56  12:41  Medivac, Command Center  
  58  13:01  Marauder  
  60  13:11  Raven  
  55  13:21  Marine  
  55  13:39  Marine  
  56  13:54  Medivac  
  59  13:55  SCV  
  59  13:57  Marine  
  60  14:15  Refinery, Marine  
  61  14:17  Refinery  
  61  14:23  SCV  
  61  16:41  Factory Tech Lab  
  61  16:43  Armory  
  61  16:59  Siege Tank  
  64  17:31  Siege Tank  
  67  18:03  Thor  
  73  18:48  Command Center  
  70  20:11  Refinery  
  70  20:13  Refinery  
  70  20:21  Marine  
  71  20:39  Marine  
  72  20:57  Marine  
  72  21:36  Reaper  
  72  22:08  Marine  
  71  22:27  Marauder  
  73  22:48  Marauder  
  75  23:09  Reaper  
  74  23:17  Command Center  
  74  23:41  Marine  
  75  23:59  Marine  
  76  24:17  Marine  
  75  24:27  Hellion  
  77  24:41  Refinery, Marine  
  77  24:45  Raven  
  78  24:48  Refinery  
  78  24:57  Hellion  
Tags
 
Matchup
TvZ
Opening
Pool First
Replay Pack
EmSC2Tv
Add a new tag
Caveats
  • Supply blocks, unpowered buildings, or Contaminate may cause inaccurate times.
  • Supply counts are checked every 10 seconds.